 Dungeon Sprint DCSS version 0.27.1-34-g3ba077fa99 (webtiles) character file.

Game seed: 1991317919155245749

1815 Karpo the Imperceptible (level 8, 0/36 HPs)
             Began as a Spriggan Enchanter on Feb 9, 2022.
             Was a Follower of Dithmenos.
             Slain by an ice devil (14 damage)
             ... summoned by a kobold demonologist
             ... in the Dungeon (Sprint I: "Red Sonja").
             The game lasted 00:03:37 (638 turns).

Karpo the Imperceptible (Spriggan Enchanter)         Turns: 638, Time: 00:03:39

Health: 0/36       AC:  2    Str:  4    XL:     8   Next: 85%
Magic:  10/13      EV: 17    Int: 18    God:    Dithmenos [*.....]
Gold:   851        SH:  0    Dex: 16    Spells: 0/12 levels left

rFire    . . .     SeeInvis +   i - +2 dagger (venom)
rCold    . . .     Faith    .   (shield restricted)
rNeg     . . .     Spirit   .   b - +0 robe
rPois    .         Reflect  .   (helmet restricted)
rElec    .         Harm     .   (no cloak)
rCorr    .         Rampage  .   (gloves unavailable)
Will     +....     NoTele   +   (boots unavailable) Stlth *+++++++++
                                (no amulet)
HPRegen  0.12/turn              (no ring)
MPRegen  0.13/turn              (no ring)

@: wreathed by umbra, very quick
A: very small, no large weapons, unfitting armour, see invisible, speed 3
a: Renounce Religion


You were in the Dungeon.
You worshipped Dithmenos.
Dithmenos was aware of your devotion.
You visited 1 branch You collected 851 gold pieces.

Inventory:

Hand Weapons
 a - a +1 dagger
 i - a +2 dagger of venom (weapon)
 k - a +2 short sword of draining
Missiles
 l - 4 curare-tipped darts
Armour
 b - a +0 robe (worn)
Wands
 g - a wand of digging (5)
 m - a wand of flame (20)
Scrolls
 h - a scroll of blinking
Potions
 c - 3 potions of curing
 d - 2 potions of heal wounds
 e - a potion of haste
 f - 2 potions of magic
 j - a potion of might {unknown}


   Skills:
 - Level 1.1 Short Blades
 - Level 2.6 Dodging
 + Level 26.1 Stealth
 - Level 2.6 Spellcasting
 - Level 3.6 Hexes


You couldn't memorise any spells.
You knew the following spells:

 Your Spells              Type           Power      Damage    Failure   Level
a - Corona                Hex            16%        N/A       3%          1
b - Ensorcelled Hibernat  Hex/Ice        16%        N/A       12%         2
c - Confusing Touch       Hex            15%        N/A       12%         3
d - Tukima's Dance        Hex            15%        N/A       12%         3
e - Dazzling Flash        Conj/Hex       16%        N/A       24%         3

Your spell library contained the following spells:

 Spells                   Type           Power      Damage    Failure   Level
 Iskenderun's Mystic Bla  Conj/Tloc      2%         2d3       86%         4
 Starburst                Conj/Fire      1%         6d3       100%        6


Dungeon Overview and Level Annotations

Branches:
Dungeon (1/1)

Altars:
Cheibriados
Dithmenos
Elyvilon
Fedhas
Gozag
Hepliaklqana
Kikubaaqudgha
Makhleb
Nemelex Xobeh
Okawaru
Qazlal
Ru
Sif Muna
Trog
Uskayaw
Vehumet
Wu Jian
Xom
Yredelemnul
Zin
The Shining One
Jiyva
Lugonu

Shops:
D !(


Innate Abilities, Weirdness & Mutations

You are very small and have problems with some larger weapons.
You are too small for most types of armour.
You have supernaturally acute eyesight. (SInv)
You cover ground extremely quickly. (Speed+++)


Message History

Dithmenos accepts your kill.
The kobold demonologist shouts!
Your Stealth skill increases to level 26!
You closely miss the kobold demonologist.
The kobold demonologist shouts!
The kobold demonologist closely misses you.
The kobold demonologist barely misses you.
Cast which spell? (? or * to list)
The spell is quite dangerous to cast (12% risk of failure)!
Continue anyway?
Your hands begin to glow red.
The kobold demonologist completely misses you.
The kobold demonologist mumbles some strange words.
You hit the kobold demonologist but do no damage.
The kobold demonologist appears confused.
The kobold demonologist hits you with a +0 dagger. x2
You hit the kobold demonologist.
The kobold demonologist is poisoned.
The kobold demonologist is lightly wounded.
The quasit misses you.
The quasit claws you but does no damage. x2
The kobold demonologist gestures wildly while chanting.
The quasit misses you.
The quasit claws you but does no damage.
The quasit closely misses you. The iron imp barely misses you.
You hit the kobold demonologist.
The kobold demonologist looks as sick as possible!
The kobold demonologist is lightly wounded.
The kobold demonologist misses you.
The kobold demonologist wonders, "What am I doing in here?"
The kobold demonologist hits you with a +0 dagger.
You barely miss the kobold demonologist.
The kobold demonologist is lightly wounded.
The kobold demonologist misses you. The iron imp completely misses you.
You hit the kobold demonologist.
The kobold demonologist looks as sick as possible!
The kobold demonologist is moderately wounded.
The quasit completely misses you. The quasit closely misses you. x2
The kobold demonologist hits you with a +0 dagger.
The kobold demonologist hits the iron imp but does no damage.
The ice devil hits you! The ice devil freezes you!
You die...

###################
..#.)'..#__#..'5K5#
.)'..#..'^.'..#4@K#
#'#####'#__####...+
..#...#.#### #####
###..##[#§§
__##'#_.+§§
...'..._#≈§
__##_.#'##+###
__###'#.#....#
#####.####'###


You could see an ice devil (summoned), 2 kobold demonologists, an iron imp
(summoned) and a quasit (summoned).

Vanquished Creatures
  Sonja (D)
  A deep troll (D)
  A slime creature (D)
  Sigmund (D)
  A yak (D)
  A floating eye (D)
  An ogre (D)
  A jelly (D)
  Ijyb (D)
9 creatures vanquished.

Vanquished Creatures (others)
  2 ballistomycete spores (D)
2 creatures vanquished.

Grand Total: 11 creatures vanquished

Notes
Turn   | Place    | Note
-------+----------+-------------------------------------------
     0 | D        | Karpo the Spriggan Enchanter began the quest for the Orb.
     0 | D        | Reached XP level 1. HP: 9/9 MP: 5/5
     1 | D        | Noticed Ijyb
     9 | D        | Killed Ijyb
    10 | D        | Reached skill level 10 in Stealth
    10 | D        | Reached XP level 2. HP: 12/13 MP: 6/6
   235 | D        | Learned a level 2 spell: Ensorcelled Hibernation
   236 | D        | Noticed an ogre
   239 | D        | Killed an ogre
   240 | D        | Reached skill level 14 in Stealth
   240 | D        | Reached XP level 3. HP: 16/16 MP: 8/8
   240 | D        | Reached XP level 4. HP: 21/21 MP: 9/9
   248 | D        | Noticed Sigmund
   251 | D        | Killed Sigmund
   252 | D        | Reached skill level 18 in Stealth
   252 | D        | Reached XP level 5. HP: 24/24 MP: 10/10
   252 | D        | Reached XP level 6. HP: 28/28 MP: 11/11
   264 | D        | Found a shimmering blue altar of Sif Muna.
   265 | D        | Found an ornate altar of the Wu Jian Council.
   266 | D        | Found a radiant altar of Vehumet.
   291 | D        | Found Ybeneigg's Antique Weapon Emporium.
   291 | D        | Found an ancient bone altar of Kikubaaqudgha.
   291 | D        | Found a hazy altar of Hepliaklqana.
   291 | D        | Found a hide-covered altar of Uskayaw.
   291 | D        | Found a basalt altar of Yredelemnul.
   291 | D        | Found an opulent altar of Gozag.
   291 | D        | Found a snail-covered altar of Cheibriados.
   291 | D        | Found a sacrificial altar of Ru.
   291 | D        | Found a shadowy altar of Dithmenos.
   291 | D        | Noticed a yak
   292 | D        | Found a stormy altar of Qazlal.
   292 | D        | Found a blossoming altar of Fedhas.
   292 | D        | Found a bloodstained altar of Trog.
   292 | D        | Found an iron altar of Okawaru.
   292 | D        | Found a glowing golden altar of the Shining One.
   292 | D        | Found a glowing silver altar of Zin.
   292 | D        | Found a white marble altar of Elyvilon.
   293 | D        | Killed a yak
   294 | D        | Reached skill level 20 in Stealth
   298 | D        | Learned a level 3 spell: Confusing Touch
   298 | D        | Found a sparkling altar of Nemelex Xobeh.
   304 | D        | Became a worshipper of Dithmenos the Shadowed
   315 | D        | Learned a level 3 spell: Tukima's Dance
   330 | D        | Found a viscous altar of Jiyva.
   330 | D        | Found a corrupted altar of Lugonu.
   330 | D        | Noticed a slime creature
   331 | D        | Found a burning altar of Makhleb.
   331 | D        | Found a shimmering altar of Xom.
   333 | D        | Killed a slime creature
   334 | D        | Reached skill level 21 in Stealth
   334 | D        | Reached XP level 7. HP: 32/32 MP: 12/12
   344 | D        | Noticed Sonja
   348 | D        | Killed Sonja
   349 | D        | Reached skill level 24 in Stealth
   349 | D        | Reached XP level 8. HP: 36/36 MP: 13/13
   541 | D        | Found Mylasici's Distillery.
   561 | D        | Noticed a deep troll
   565 | D        | Killed a deep troll
   565 | D        | Reached * piety under Dithmenos
   566 | D        | Reached skill level 25 in Stealth
   595 | D        | Learned a level 3 spell: Dazzling Flash
   627 | D        | Noticed a kobold demonologist
   628 | D        | Noticed a kobold demonologist
   631 | D        | Reached skill level 26 in Stealth
   635 | D        | Noticed an ice devil
   638 | D        | Slain by an ice devil

Illustrated notes

Levels and vault maps discovered:
D:        dungeon_sprint_1 [red_sonja_temple_1, red_sonja_temple_small_1]

Skill      XL: |  1  2  3  4  5  6  7  8 |
---------------+-------------------------+-----
Stealth        | 10 14 18 21 24 26 | 26.1
Short Blades   | |  1.1
Dodging        | |  2.6
Spellcasting   | |  2.6
Hexes          | |  3.6

Action                   |  1- 3 |  4- 6 |  7- 9 || total
-------------------------+-------+-------+-------++-------
Melee: Dagger            |     5 |     4 |     9 ||    18
 Cast: Confusing Touch   |       |       |     1 ||     1
  Use: Potion            |     1 |       |       ||     1
 Stab: Sleeping          |     1 |     4 |     3 ||     8
Armor: Robe              |       |       |     3 ||     3
Dodge: Dodged            |     1 |       |    13 ||    14
